 Dungeon Crawl Stone Soup version 0.29-a0-251-g80730f7218 (webtiles) character file.

Game seed: 2810884756624336666

275 sokol815 the Covert (level 6, -11/35 HPs)
             Began as a Kobold Brigand on Mar 6, 2022.
             Killed by divine providence
             ... invoked by an orc priest
              (14 damage)
             ... on level 3 of the Dungeon.
             The game lasted 00:04:15 (2689 turns).

sokol815 the Covert (Kobold Brigand)                Turns: 2689, Time: 00:04:16

Health: -11/35     AC:  3    Str:  8    XL:     6   Next: 49%
Magic:  6/6        EV: 14    Int: 12    God:
Gold:   108        SH:  0    Dex: 19    Spells: 5/5 levels left

rFire   . . .      SeeInvis .   a - +2 dagger (elec)
rCold   + . .      Faith    .   (no shield)
rNeg    . . .      Spirit   .   b - +0 robe
rPois   .          Reflect  .   (no helmet)
rElec   .          Harm     .   c - +0 cloak
rCorr   .          Rampage  .   (no gloves)
Will    .....                   (no boots)
Stlth   +++++.....              (no amulet)
HPRegen 0.11/turn               C - ring of protection from cold {rC+, !d}
MPRegen 0.10/turn               (no ring)

@: no status effects
A: small, no large weapons, nightstalker 3
a: no special abilities


You were on level 3 of the Dungeon.
You visited 1 branch of the dungeon, and saw 4 of its levels.

You collected 108 gold pieces.

Inventory:

Hand Weapons
 a - a +2 dagger of electrocution (weapon)
   (You found it on level 4 of the Dungeon)
 f - a +2 dagger
 j - a +2 antimagic dagger
   (You found it on level 2 of the Dungeon)
 l - a +1 vorpal hand axe
   (You took it off an orc on level 2 of the Dungeon)
Missiles
 d - 8 poisoned darts
 e - 2 curare-tipped darts
 i - 9 boomerangs
 k - a throwing net {!d}
 s - 76 stones
Armour
 b - a +0 robe (worn)
 c - a +0 cloak (worn)
Jewellery
 C - a ring of protection from cold (left hand) {rC+, !d}
   (You found it on level 2 of the Dungeon)
Scrolls
 g - a scroll of brand weapon
 X - 2 scrolls of magic mapping {@r4!r}
Potions
 B - 2 potions of brilliance
 J - a potion of curing {@q1}
 M - a potion of might


   Skills:
 - Level 2.1 Fighting
 + Level 5.2 Short Blades
 - Level 2.1 Throwing
 - Level 1.2 Dodging
 * Level 9.0 Stealth


You had 5 spell levels left.
You didn't know any spells.
Your spell library was empty.

Dungeon Overview and Level Annotations

Branches:
Dungeon (4/15)
 Temple: D:4-7

Altars:


Innate Abilities, Weirdness & Mutations

You are small and have problems with some larger weapons.
You are completely attuned to the shadows.


Message History

Things that are here:
a +0 whip; a gnoll corpse You start resting.
An adder is nearby!
Things that are here:
a +0 spear; a throwing net {!d} You barely miss the adder.
The adder hisses angrily.
The adder bites you.
You take 1 damage, and have 30/35 hp.
You hit the adder but do no damage. The adder bites you but does no damage.
You closely miss the adder. The adder closely misses you.
The adder bites you but does no damage.
You hit the adder. You hit the adder. The adder bites you.
You take 3 damage, and have 27/35 hp.
You hit the adder. The adder bites you.
You take 4 damage, and have 23/35 hp.
You hit the adder.
You kill the adder!
You start resting.
Health restored: 35
Things that are here:
a +0 spear; a gnoll skeleton
k - a throwing net {!d} You see here a +0 spear.
Things that are here:
a +0 spear; a gnoll skeleton You see here a +0 hand axe.
m - a scroll of identify {@r1} No target in view!
No target in view!
No target in view!
As you read the scroll of identify {@r1}, it crumbles to dust.
h - 2 scrolls of magic mapping;
X - 2 scrolls of magic mapping
h - a scroll of identify {@r1}
As you read the scroll of identify {@r1}, it crumbles to dust.
g - a scroll of brand weapon A gnoll comes into view.
It is wielding a +0 flail.
The helpless gnoll fails to defend itself.
You spit the gnoll like a pig!!!
You kill the gnoll!
A gnoll comes into view. It is wielding a +0 flail.
You see here a +0 flail.
A gnoll comes into view. It is wielding a +0 club.
Found a stone staircase leading down.
A gnoll comes into view. It is wielding a +0 halberd.
The helpless gnoll fails to defend itself.
You spit the gnoll like a pig!!!
You kill the gnoll!
You see here a +0 flail.
The helpless gnoll fails to defend itself.
You skewer the gnoll like a kebab!!!
You kill the gnoll!
Things that are here:
a +0 club; a gnoll corpse The helpless gnoll fails to defend itself.
You spit the gnoll like a pig!!!
You kill the gnoll!
You see here a +0 halberd.
Things that are here:
a +0 club; a gnoll corpse The helpless dart slug fails to defend itself.
You skewer the dart slug like a kebab!!!
You kill the dart slug!
An orc comes into view.
It is wielding a +0 mace. 2 orcs come into view.
An orc is wielding a +2 mace of protection.
The helpless orc fails to defend itself.
You stick the orc like a pincushion!!!
You kill the orc!
The orc shouts!
You hear a shout!
An orc priest comes into view. It is wielding a +0 hand axe.
You see here a +0 mace.
You completely miss the orc. You hit the orc. The orc barely misses you.
You closely miss the orc. The orc misses you.
You closely miss the orc. You hit the orc. The orc barely misses you.
The orc priest invokes the aid of Beogh against you.
Beogh smites you!
You take 11 damage, and have 24/35 hp.
MASSIVE DAMAGE!!
You hit the orc but do no damage. The orc completely misses you.
The orc priest invokes the aid of Beogh against you.
Beogh smites you!
You take 11 damage, and have 13/35 hp.
MASSIVE DAMAGE!!
You hit the orc.
You kill the orc!
The orc priest mumbles some strange prayers to Beogh against you.
Beogh smites you!
* * * LOW HITPOINT WARNING * * *
Your Stealth skill increases to level 9!
You take 11 damage, and have 2/35 hp.
MASSIVE DAMAGE!!
You see here a +0 mace.
The orc priest calls down the wrath of Beogh upon you.
Beogh smites you!
You die...

.. ### ..# #)#
#.# #.# #####.
#.# #..... #.#
###########.....
#.##
#......@.o...#
...#
#.#########o##
#..# #.# #.#
#..#.# #.#
######o# #..#.#
#.# ...o.).#
#..#.# #.#
.#####.#
.....#####.##
#.#
............#
#..
...#.#####..#
...


You could see an orc priest and an orc.

Vanquished Creatures
  A jelly (D:4)
  A hound (D:4)
  An orc wizard (D:2)
  7 gnolls (D:3)
  6 adders
  2 worms (D:2)
  A dart slug (D:3)
  5 orcs
  2 endoplasms
  4 giant cockroaches
  4 goblins
  2 hobgoblins (D:1)
  4 jackals (D:4)
  2 quokkas
  5 ball pythons
  A bat (D:1)
  3 frilled lizards
  4 kobolds
  7 rats
62 creatures vanquished.

Notes
Turn   | Place    | Note
-------+----------+-------------------------------------------
     0 | D:1      | sokol815 the Kobold Brigand began the quest for the Orb.
     0 | D:1      | Reached XP level 1. HP: 12/12 MP: 1/1
   168 | D:1      | Reached skill level 3 in Short Blades
   168 | D:1      | Reached XP level 2. HP: 17/17 MP: 2/2
   312 | D:1      | Reached skill level 6 in Stealth
   529 | D:1      | Reached XP level 3. HP: 21/21 MP: 3/3
   806 | D:2      | Reached XP level 4. HP: 26/26 MP: 1/4
   860 | D:2      | Reached skill level 7 in Stealth
   866 | D:2      | Reached skill level 4 in Short Blades
   896 | D:2      | Reached XP level 5. HP: 12/30 MP: 1/5
   905 | D:2      | HP: 5/30 [orc/+0 flail (6)]
  1895 | D:3      | You fall into a shaft and drop 1 floor!
  2075 | D:4      | Reached skill level 8 in Stealth
  2085 | D:4      | Reached XP level 6. HP: 35/35 MP: 1/6
  2279 | D:3      | Reached skill level 5 in Short Blades
  2681 | D:3      | HP: 2/35 [orc priest/divine providence (11)]
  2682 | D:3      | Reached skill level 9 in Stealth
  2689 | D:3      | Killed from afar by an orc priest

Illustrated notes

Levels and vault maps discovered:
D:1:      lordsloth_arrival_two_stooges, layout_rooms, minmay_misc_feat_roman,
          supply_closet_lemuel, minmay_tiny_reverse_x
D:2:      layout_basic
D:3:      layout_loops_ring, zin_treasury, kennysheep_cluttered_room
D:4:      kb_forest_paths, layout_basic,
          chequers_temple_overflow_statue_of_worship

Skill      XL: |  1  2  3  4  5  6 |
---------------+-------------------+-----
Short Blades   | 3 4 5 |  5.2
Stealth        | 6 7 8 9 |  9.0
Fighting       | |  2.1
Throwing       | |  2.1
Dodging        | |  1.2

Action                   |  1- 3 |  4- 6 || total
-------------------------+-------+-------++-------
Melee: Dagger            |    36 |   117 ||   153
       Punch             |       |     2 ||     2
  Use: Scroll            |       |     5 ||     5
 Stab: Sleeping          |    19 |    16 ||    35
       Distracted        |       |     1 ||     1
Armor: Robe              |       |    16 ||    16
Dodge: Dodged            |     7 |    52 ||    59

Table legend: (Time is in decaauts)
 A = Elapsed time spent in this place.
 B = Non-inter-level travel time spent in this place.
 C = Inter-level travel time spent in this place.
 D = Time resting spent in this place.
 E = Time spent auto-exploring this place.
 F = Levels seen in this place.
 G = Mean time per level.
                   A        B        C        D        E       F      G
               +--------+--------+--------+--------+--------+-----+--------+
         Total |   2655 |   2619 |     36 |    633 |   1638 |   4 |  663.8 |
       Dungeon |   2655 |   2619 |     36 |    633 |   1638 |   4 |  663.8 |
               +--------+--------+--------+--------+--------+-----+--------+

Top non-repeatable levels by time:
     D:2: 1154 daAuts
     D:1: 722 daAuts
     D:3: 495 daAuts
     D:4: 282 daAuts

Table legend:
 A = Kills in this place as a percentage of kills in entire the game.
 B = Kills by you in this place as a percentage of kills by you in the entire game.
 C = Kills by friends in this place as a percentage of kills by friends in the entire game.
 D = Other kills in this place as a percentage of other kills in the entire game.
 E = Experience gained in this place as a percentage of experience gained in the entire game.
 F = Experience gained in this place divided by the number of levels of this place that you have seen.
                   A       B       C       D       E      F
               +-------+-------+-------+-------+-------+----------------------
         Total | 100.0 | 100.0 |   N/A |   N/A | 100.0 |  98.2
       Dungeon | 100.0 | 100.0 |   N/A |   N/A | 100.0 |  98.2
               +-------+-------+-------+-------+-------+----------------------
